 Dungeon Crawl Stone Soup version 0.22-a0-456-g11ed031617 (webtiles) character file.

28 Kaname the Magician (level 3, 14/24 HPs)
             Began as a Demonspawn Wizard on June 6, 2018.
             Quit the game on level 3 of the Dungeon.
             The game lasted 00:02:36 (1474 turns).

Kaname the Magician (Demonspawn Wizard)             Turns: 1474, Time: 00:02:36

Health: 14/24      AC: 11    Str:  7    XL:     3   Next: 0%
Magic:  5/7        EV: 12    Int: 20    God:
Gold:   68         SH:  0    Dex: 11    Spells: 7/8 levels left

rFire    . . .     SeeInvis .   g - +3 dagger (protect)
rCold    . . .     Gourm    .   (no shield)
rNeg     . . .     Faith    .   a - +0 robe
rPois    .         Spirit   .   b - +0 hat
rElec    .         Reflect  .   (no cloak)
rCorr    .         Harm     .   (no gloves)
MR       .....                  (no boots)
Stlth    ++........             (no amulet)
HPRegen  0.08/turn              (no ring)
MPRegen  0.10/turn              (no ring)

@: protection aura
A: yellow scales 1, rot immunity
a: no special abilities


You were on level 3 of the Dungeon.
You were not hungry.

You visited 1 branch of the dungeon, and saw 3 of its levels.

You collected 68 gold pieces.

Inventory:

Hand Weapons
 g - a +3 dagger of protection (weapon)
 n - a +0 hunting sling
Missiles
 l - 18 sling bullets
Armour
 a - a +0 robe (worn)
 b - a +0 hat (worn)
Scrolls
 f - 2 scrolls of identify {unknown}
 i - 2 scrolls of remove curse {unknown}
Potions
 c - a potion of berserk rage {unknown}
 e - 2 potions of agility {unknown}
 h - a potion of ambrosia {unknown}
 j - 2 potions of mutation {unknown}
 k - 2 potions of degeneration {unknown}
 m - a potion of might {unknown}
Comestibles
 d - 6 rations


   Skills:
 - Level 1.7 Dodging
 - Level 1.7 Stealth
 - Level 3.0 Spellcasting
 + Level 3.0 Conjurations
   Level 1.0 Summonings
   Level 0.8 Translocations


You had 7 spell levels left.
You knew the following spells:

 Your Spells              Type           Power        Failure   Level  Hunger
a - Magic Dart            Conj           ###.         4%          1    None

Your spell library contained the following spells:

 Spells                   Type           Power        Failure   Level  Hunger
 Conjure Flame            Conj/Fire      #.......     22%         3    ###....
 Slow                     Hex            #.......     22%         2    ##.....
 Mephitic Cloud           Conj/Pois/Air  #.......     28%         3    ###....
 Blink                    Tloc           N/A          16%         2    ##.....
 Call Imp                 Summ           #.......     14%         2    ##.....


Dungeon Overview and Level Annotations

Branches:
Dungeon (3/15)

Altars:


Innate Abilities, Weirdness & Mutations

You are partially covered in yellow scales. (AC +2)
You are immune to rotting.


Message History

The jackal is heavily wounded.
The jackal bites you. The jackal barely misses you.
The jackal completely misses you.
You hit the jackal.
The jackal is almost dead.
The jackal bites you. The jackal barely misses you.
The jackal closely misses you.
You barely miss the jackal.
The jackal is almost dead.
The jackal barely misses you. x2
You hit the jackal.
You kill the jackal!
You have reached level 3!
Your experience leads to an increase in your attributes!
Increase (S)trength, (I)ntelligence, or (D)exterity?
You feel clever.
Your demonic ancestry asserts itself...
Yellow scales grow over part of your body.
The jackal bites you but does no damage.
The jackal barely misses you.
Are you sure you want to abandon this character and quit the game? (Confirm with "yes".)

########
#.....<#
##.##### . #.#
###.. #.# .....
# #.#......
#.##.#.!...#
...#...........
.......@#.....#
.......†h####.#
####.....#
.......#
###.....#
###.#.# #. .#
.. .#


You could see a jackal.

Vanquished Creatures
  A worm (D:2)
  A dart slug (D:2)
  A giant cockroach (D:2)
  2 hobgoblins
  2 jackals (D:3)
  A frilled lizard (D:1)
  7 goblins
  4 kobolds
  4 rats
23 creatures vanquished.

Notes
Turn   | Place    | Note
-------+----------+-------------------------------------------
     0 | D:1      | Kaname the Demonspawn Wizard began the quest for the Orb.
     0 | D:1      | Reached XP level 1. HP: 13/13 MP: 4/4
   371 | D:1      | Gained mutation: You are immune to rotting. [demonic ancestry]
   371 | D:1      | Reached XP level 2. HP: 18/19 MP: 6/6
  1473 | D:3      | Gained mutation: You are partially covered in yellow scales. (AC +2) [demonic ancestry]
  1473 | D:3      | Reached XP level 3. HP: 14/24 MP: 5/7
  1474 | D:3      | Quit the game

Vault maps used:
D:1:      minmay_arrival_open_corners
D:2:      first_ration, serial_bayou, serial_bayou_ford_a, serial_bayou_shore_b,
          serial_bayou_pond_b, serial_bayou_pond_d
D:3:      serial_bayou_lagoon_a, kennysheep_generic_room_10

Skill      XL: |  1  2 |
---------------+-------+-----
Conjurations   | 2 3 |  3.0
Dodging        | |  1.7
Stealth        | |  1.7
Spellcasting   | |  3.0
Summonings     | |  1.0
Translocations | |  0.8

Action                   || total
-------------------------++-------
Melee: Dagger            ||    63
       Unarmed           ||     9
 Cast: Magic Dart        ||    20
  Eat: Chunk             ||     2
Armor: Robe              ||    14
Dodge: Dodged            ||    55

Table legend:
 A = Spawn XP
 B = Non-spawn XP
 C = Spawn XP percentage of total XP
 D = Spawn monster count
 E = Non-spawn monster count
 F = Spawn count percentage of total count
 G = Total turns spent on level
                    A         B        C        D         E        F      G
               +---------+---------+-------+---------+---------+-------+---------
         Total |       0 |      41 |   0.0 |       0 |      23 |   0.0 |  1474
               +---------+---------+-------+---------+---------+-------+---------
           D:1 |       0 |      15 |   0.0 |       0 |      11 |   0.0 |   913
           D:2 |       0 |      22 |   0.0 |       0 |      10 |   0.0 |   540
           D:3 |       0 |       4 |   0.0 |       0 |       2 |   0.0 |    21
               +---------+---------+-------+---------+---------+-------+---------
